 Dungeon Crawl Stone Soup version 0.24.0-1-gfbc8707 (webtiles) character file.

Game seed: 11889315364633382146, levelgen mode: deterministic

1664 Illumine the Conjurer (level 9, -3/65 HPs)
             Began as a Gnoll Conjurer on Dec 5, 2019.
             Was an Initiate of Ashenzari.
             Slain by a large slime creature (33 damage)
             ... on level 7 of the Dungeon.
             The game lasted 00:10:36 (5871 turns).

Illumine the Conjurer (Gnoll Conjurer)              Turns: 5871, Time: 00:10:37

Health: -3/65      AC:  3    Str: 10    XL:     9   Next: 1%
Magic:  7/18       EV: 16    Int: 22    God:    Ashenzari [......]
Gold:   390        SH:  0    Dex: 20    Spells: 10/20 levels left

rFire    . . .     SeeInvis .   h - -1 hunting sling
rCold    . . .     Gourm    .   (no shield)
rNeg     . . .     Faith    .   a - +0 robe
rPois    .         Spirit   .   (no helmet)
rElec    .         Reflect  .   y - +0 cloak (curse)
rCorr    .         Harm     .   (no gloves)
MR       .....                  (no boots)
Stlth    +++.......             (no amulet)
HPRegen  0.20/turn              n - +5 ring of dexterity
MPRegen  0.16/turn              (no ring)

@: no status effects
A: distributed training, fangs 1, strong nose
a: Curse Item, Renounce Religion


You were on level 7 of the Dungeon.
You worshipped Ashenzari.
Ashenzari was noncommittal.
You were not hungry.

You visited 2 branches of the dungeon, and saw 8 of its levels.

You collected 390 gold pieces.

Inventory:

Hand Weapons
 b - a +0 dagger
 h - a -1 hunting sling (weapon)
 q - a +0 short sword
Missiles
 k - 153 stones (quivered)
Armour
 a - a +0 robe (worn)
 y - a cursed +0 cloak (worn)
Jewellery
 n - a +5 ring of dexterity (left hand)
Scrolls
 d - a scroll of identify {unknown}
 e - a scroll of magic mapping {unknown}
 f - 5 scrolls of teleportation
 l - 3 scrolls of immolation
 m - 2 scrolls of remove curse
 o - a scroll of fog {unknown}
 s - 3 scrolls of enchant weapon {unknown}
 t - a scroll of blinking {unknown}
 u - a scroll of random uselessness {unknown}
 z - a scroll of fear {unknown}
 A - a scroll of enchant armour {unknown}
Potions
 g - a potion of resistance {unknown}
 i - 2 potions of lignification {unknown}
 j - 3 potions of curing {unknown}
 p - 3 potions of ambrosia {unknown}
 r - a potion of degeneration {unknown}
 v - a potion of flight {unknown}
 w - a potion of agility {unknown}
 x - a potion of magic {unknown}
Comestibles
 c - 8 rations


   Skills:
 + Level 3.7 Fighting
 + Level 3.7 Short Blades
 + Level 3.7 Long Blades
 + Level 3.7 Axes
 + Level 3.7 Maces & Flails
 + Level 3.7 Polearms
 + Level 3.7 Staves
 + Level 3.7 Slings
 + Level 3.7 Bows
 + Level 3.7 Crossbows
 + Level 3.7 Throwing
 + Level 3.7 Armour
 + Level 5.9 Dodging
 + Level 5.6 Stealth
 + Level 3.7 Shields
 + Level 3.7 Unarmed Combat
 + Level 6.3 Spellcasting
 + Level 7.8 Conjurations
 + Level 3.0 Hexes
 + Level 3.0 Charms
 + Level 3.0 Summonings
 + Level 3.0 Necromancy
 + Level 3.0 Translocations
 + Level 3.0 Transmutations
 + Level 3.0 Fire Magic
 + Level 3.0 Ice Magic
 + Level 3.0 Air Magic
 + Level 3.0 Earth Magic
 + Level 3.0 Poison Magic
 + Level 4.0 Invocations
 + Level 3.7 Evocations


You had 10 spell levels left.
You knew the following spells:

 Your Spells              Type           Power        Failure   Level  Hunger
a - Magic Dart            Conj           ####         1%          1    None
b - Searing Ray           Conj           #####.       1%          2    None
c - Dazzling Spray        Conj/Hex       ####..       2%          3    #......
d - Iskenderun's Mystic   Conj           #####...     3%          4    ###....

Your spell library contained the following spells:

 Spells                   Type           Power        Failure   Level  Hunger
 Force Lance              Conj/Tloc      ####....     10%         4    ###....
 Fulminant Prism          Conj/Hex       ####......   10%         4    ###....


Dungeon Overview and Level Annotations

Branches:
Dungeon (7/15)             Temple (1/1) D:5

Altars:
Ashenzari
Fedhas
Gozag
Hepliaklqana
Makhleb
Okawaru
Trog
Vehumet
Yredelemnul
The Shining One

Annotations:
D:3 1 runed translucent door, edsrzf's ghost, amateur OpAE
D:6 3 runed translucent doors, 7bone's ghost, novice MiGl


Innate Abilities, Weirdness & Mutations

Your experience applies equally to all skills.
You have very sharp teeth.
Your uncanny sense of smell can sniff out nearby items.


Message History

Your Invocations skill increases to level 4!
You have reached level 9!
Your experience leads to an increase in your attributes!
Your base attributes are Str 10, Int 21, Dex 15.
Increase (S)trength, (I)ntelligence, or (D)exterity?
You feel clever.
You finish channeling your searing ray.
The slime creature quivers.
You open the door.
There is an open door here.
Casting: Searing Ray (safe; 1% risk of failure)
Confirm with . or Enter, or press ? or * to list all spells.
Aiming: Dazzling Spray (safe; 2% risk of failure)
Press: ? - help, Shift-Dir - straight line, f - large slime creature
Aim: a large slime creature The spray of energy hits the large slime creature!
The large slime creature is lightly wounded.
The large slime creature hits you!!
Ouch! That really hurt!
You die...

#.....#(##################
#.#.#.J..................#
#.#.#.#.###...##########.#
#.###.#J....##.....#
#####[##
#.........#####...##
#......# #####.##### ##J##
#.###..## #...# #.# #.#
#...# #.### #J# #.####..#
#.# ##@## #....(..# #.#
##<..## #######.# #.#
##.....## ### #.# #.#
##.......## ##.###.# #.#
#.........####...##.## #..
∆+.........'...........
#.# #.........####...##.##
##...<...## ##.###.#
##.....## ### #.#


You could see a large slime creature and a slime creature.

Vanquished Creatures
  A slime creature (D:7)
  Menkaure (D:6)
  A necrophage (D:4)
  4 ogres
  A centaur (D:5)
  A bullfrog (D:6)
  A scorpion (D:6)
  2 crimson imps (D:6)
  3 hounds
  2 jellies (D:3)
  3 orc wizards
  An orc priest (D:6)
  Crazy Yiuf (D:5)
  2 bullfrog skeletons
  An iguana (D:6)
  3 worker ants
  9 adders
  A shadow imp (D:5)
  8 oozes
  3 worms
  3 dart slugs
  2 leopard geckos (D:1)
  6 orcs
  A ball python (D:4)
  11 bats
  5 giant cockroaches
  3 hobgoblins
  15 kobolds
  3 quokkas
  6 frilled lizards
  3 goblins
  A leopard gecko zombie (D:6)
  5 rats
113 creatures vanquished.

Vanquished Creatures (others)
  3 toadstools (D:3)
3 creatures vanquished.

Grand Total: 116 creatures vanquished

Notes
Turn   | Place    | Note
-------+----------+-------------------------------------------
     0 | D:1      | Illumine the Gnoll Conjurer began the quest for the Orb.
     0 | D:1      | Reached XP level 1. HP: 13/13 MP: 6/6
    95 | D:1      | Reached XP level 2. HP: 19/19 MP: 1/7
   154 | D:1      | Learned a level 2 spell: Searing Ray
   507 | D:1      | Reached XP level 3. HP: 25/25 MP: 6/9
   590 | D:1      | Reached skill level 5 in Spellcasting
   800 | D:2      | Reached skill level 1 in Invocations
   881 | D:2      | Reached skill level 1 in Fighting
   881 | D:2      | Reached skill level 1 in Short Blades
   881 | D:2      | Reached skill level 1 in Long Blades
   881 | D:2      | Reached skill level 1 in Axes
   881 | D:2      | Reached skill level 1 in Maces & Flails
   881 | D:2      | Reached skill level 1 in Polearms
   881 | D:2      | Reached skill level 1 in Staves
   881 | D:2      | Reached skill level 1 in Slings
   881 | D:2      | Reached skill level 1 in Bows
   881 | D:2      | Reached skill level 1 in Crossbows
   881 | D:2      | Reached skill level 1 in Throwing
   881 | D:2      | Reached skill level 1 in Armour
   881 | D:2      | Reached skill level 1 in Shields
   881 | D:2      | Reached skill level 1 in Unarmed Combat
   881 | D:2      | Reached skill level 1 in Evocations
  1114 | D:2      | Reached XP level 4. HP: 31/32 MP: 7/11
  1692 | D:3      | Found a runed translucent door.
  1695 | D:3      | Noticed a sky beast
  1695 | D:3      | Noticed edsrzf's ghost (amateur OpAE)
  1743 | D:3      | Reached skill level 1 in Hexes
  1743 | D:3      | Reached skill level 1 in Charms
  1743 | D:3      | Reached skill level 1 in Summonings
  1743 | D:3      | Reached skill level 1 in Necromancy
  1743 | D:3      | Reached skill level 1 in Translocations
  1743 | D:3      | Reached skill level 1 in Transmutations
  1743 | D:3      | Reached skill level 1 in Fire Magic
  1743 | D:3      | Reached skill level 1 in Ice Magic
  1743 | D:3      | Reached skill level 1 in Air Magic
  1743 | D:3      | Reached skill level 1 in Earth Magic
  1743 | D:3      | Reached skill level 1 in Poison Magic
  2027 | D:3      | Reached XP level 5. HP: 36/37 MP: 5/12
  2092 | D:3      | Learned a level 3 spell: Dazzling Spray
  2097 | D:3      | Learned a level 4 spell: Iskenderun's Mystic Blast
  2486 | D:3      | Reached XP level 6. HP: 33/44 MP: 4/13
  2722 | D:4      | Noticed a necrophage
  2729 | D:4      | Killed a necrophage
  2729 | D:4      | Reached skill level 5 in Dodging
  3136 | D:4      | Reached XP level 7. HP: 50/50 MP: 8/15
  3239 | D:5      | Entered Level 5 of the Dungeon
  3607 | D:5      | Found a staircase to the Ecumenical Temple.
  3621 | Temple   | Entered the Ecumenical Temple
  3649 | Temple   | Became a worshipper of Ashenzari the Shackled
  3806 | D:5      | Found a burning altar of Makhleb.
  3806 | D:5      | Noticed a cacodemon
  3810 | D:5      | Noticed an orange demon
  3810 | D:5      | Noticed a neqoxec
  4161 | D:5      | Found a runed translucent door.
  4162 | D:5      | Noticed Crazy Yiuf
  4217 | D:5      | Killed Crazy Yiuf
  4217 | D:5      | Reached skill level 5 in Stealth
  4513 | D:6      | Reached XP level 8. HP: 57/57 MP: 10/16
  4701 | D:6      | Noticed Menkaure
  4706 | D:6      | Killed Menkaure
  5020 | D:6      | Found a runed translucent gate.
  5020 | D:6      | Noticed 7bone's ghost (novice MiGl)
  5021 | D:6      | Found a runed translucent gate.
  5022 | D:6      | Found a runed translucent gate.
  5840 | D:7      | Noticed a slime creature
  5845 | D:7      | Noticed a slime creature
  5846 | D:7      | Noticed a slime creature
  5848 | D:7      | Noticed a slime creature
  5850 | D:7      | Killed a slime creature
  5850 | D:7      | Reached XP level 9. HP: 25/65 MP: 7/18
  5871 | D:7      | Slain by a large slime creature

Levels and vault maps discovered:
D:1:      tarquinn_simple_flora_water_e, layout_loops_cross, minmay_statues_item
D:2:      layout_basic
D:3:      cheibrodos_fertilizer, layout_rooms, first_ration,
          ebering_ghost_inner_flame
D:4:      layout_rooms
D:5:      layout_layer_cave, makhleb_altar_promises_db,
          minmay_temple_entry_large_hall, uniq_crazy_yiuf_cottage
D:6:      layout_basic, ebering_ghost_rock_garden, uniq_menkaure
D:7:      layout_loops_corners
Temple:   regret_index_temple_mists

Skill      XL: |  1  2  3  4  5  6  7  8 |
---------------+-------------------------+-----
Spellcasting   | 5 6 |  6.3
Invocations    | 1 2 3 4 |  4.0
Fighting       | 1 2 3 |  3.7
Short Blades   | 1 2 3 |  3.7
Long Blades    | 1 2 3 |  3.7
Axes           | 1 2 3 |  3.7
Maces & Flails | 1 2 3 |  3.7
Polearms       | 1 2 3 |  3.7
Staves         | 1 2 3 |  3.7
Slings         | 1 2 3 |  3.7
Bows           | 1 2 3 |  3.7
Crossbows      | 1 2 3 |  3.7
Throwing       | 1 2 3 |  3.7
Armour         | 1 2 3 |  3.7
Shields        | 1 2 3 |  3.7
Unarmed Combat | 1 2 3 |  3.7
Evocations     | 1 2 3 |  3.7
Hexes          | 1 2 3 |  3.0
Charms         | 1 2 3 |  3.0
Summonings     | 1 2 3 |  3.0
Necromancy     | 1 2 3 |  3.0
Translocations | 1 2 3 |  3.0
Transmutations | 1 2 3 |  3.0
Fire Magic     | 1 2 3 |  3.0
Ice Magic      | 1 2 3 |  3.0
Air Magic      | 1 2 3 |  3.0
Earth Magic    | 1 2 3 |  3.0
Poison Magic   | 1 2 3 |  3.0
Dodging        | 5 |  5.9
Stealth        | 5 |  5.6
Conjurations   | |  7.8

Action                   |  1- 3 |  4- 6 |  7- 9 || total
-------------------------+-------+-------+-------++-------
 Fire: Hunting sling     |       |       |    13 ||    13
 Cast: Magic Dart        |    44 |    89 |    47 ||   180
       Searing Ray       |     3 |     9 |    19 ||    31
       Dazzling Spray    |       |     4 |     9 ||    13
  Use: Scroll            |       |     4 |       ||     4
  Eat: Chunk             |       |     4 |     4 ||     8
       Ration            |       |     1 |     1 ||     2
Armor: Robe              |       |     3 |       ||     3
Dodge: Dodged            |     7 |    13 |    21 ||    41
